 Dungeon Crawl Stone Soup version 0.22.1-1-ga44c0e56f4 (webtiles) character file.

83 Revguard the Skirmisher (level 4, -5/43 HPs)
             Began as a Gargoyle Fighter on Oct 20, 2018.
             Slain by a gnoll
             ... wielding a +0 halberd
              (9 damage)
             ... on level 2 of the Dungeon.
             The game lasted 00:04:55 (1058 turns).

Revguard the Skirmisher (Gargoyle Fighter)          Turns: 1058, Time: 00:04:56

Health: -5/43      AC: 22    Str: 20    XL:     4   Next: 44%
Magic:  4/4        EV:  2    Int:  8    God:
Gold:   64         SH:  9    Dex: 10    Spells: 3/3 levels left

rFire    . . .     SeeInvis .   a - +0 long sword
rCold    . . .     Gourm    .   c - +0 shield
rNeg     + + +     Faith    .   (armour currently unavailable)
rPois    ∞         Spirit   .   (helmet currently unavailable)
rElec    .         Reflect  .   (cloak currently unavailable)
rCorr    .         Harm     .   (gloves currently unavailable)
MR       .....     NoTele   +   (boots currently unavailable)
Stlth    +.........             (no amulet)
HPRegen  0.14/turn              (no ring)
MPRegen  0.09/turn              (no ring)

@: tree-form
A: negative energy resistance 1, petrification resistance, rot immunity, AC +3
a: no special abilities


You were on level 2 of the Dungeon.
You were hungry.
You were a tree.
You visited 1 branch of the dungeon, and saw 2 of its levels.

You collected 64 gold pieces.

Inventory:

Hand Weapons
 a - a +0 long sword (weapon)
 l - a +0 club
Armour
 b - a +0 scale mail (melded)
 c - a +0 shield (worn)
 i - a +0 pair of boots (melded)
 j - a +0 cloak (melded)
Scrolls
 e - a scroll of remove curse {unknown}
 g - a scroll of random uselessness {unknown}
 h - 2 scrolls of teleportation
 k - a scroll of magic mapping {unknown}
 m - a scroll of identify {unknown}
 n - 4 scrolls of enchant weapon {unknown}
Potions
 d - a potion of might
Comestibles
 f - a ration


   Skills:
 + Level 3.8 Fighting
 + Level 2.7 Long Blades
 + Level 3.6 Armour
 * Level 1.2 Dodging
 + Level 3.7 Shields


You had 3 spell levels left.
You didn't know any spells.
Your spell library was empty.

Dungeon Overview and Level Annotations

Branches:
Dungeon (2/15)

Altars:


Innate Abilities, Weirdness & Mutations

You are resistant to torment.
((Your stone body is resilient. (AC +3)))
You are immune to poison.
You resist negative energy. (rN+)
((You are resistant to electric shocks. (rElec)))
((You can survive without breathing.))
You are immune to petrification.
You are immune to rotting.


Message History

You see here a spear.
It was a potion of lignification.
You turn into a tree.
Your +0 cloak melds into your body.
Your +0 pair of boots melds into your body.
Your +0 scale mail melds into your body.
Your roots penetrate the ground.
The gnoll completely misses you. You block the gnoll's attack.
You cannot move.
You cannot move.
Okay, then.
As you read the scroll labeled RUOREY UTRU, it crumbles to dust.
You feel a strange sense of stasis.
It was a scroll of teleportation.
The gnoll hits you from afar with a halberd.
* * * LOW HITPOINT WARNING * * *
You cannot move.
You cannot move.
The gnoll hits you but does no damage. You block the gnoll's attack.
The gnoll hits you from afar with a halberd!
You die...

#. . #.# # #.#.# #. #.#.#
#.####
....#.#.#####...♣#############
....#...#......†))............
....#...#.######g#######..##..
....# #.......................
....# #.#.######.#..#.....#...
....# #.#.##..............#
....###.#.##.#............###.
......#.#.......##.###.#......
...####.#.......'.........##..


You could see a gnoll.

Vanquished Creatures
  3 gnolls
  An adder (D:2)
  A dart slug (D:2)
  A leopard gecko (D:1)
  A giant cockroach (D:1)
  10 goblins
  5 hobgoblins (D:1)
  A quokka (D:2)
  2 ball pythons
  4 bats
  A frilled lizard (D:2)
  7 kobolds
  9 rats
46 creatures vanquished.

Notes
Turn   | Place    | Note
-------+----------+-------------------------------------------
     0 | D:1      | Revguard the Gargoyle Fighter began the quest for the Orb.
     0 | D:1      | Reached XP level 1. HP: 14/14 MP: 1/1
   107 | D:1      | Reached XP level 2. HP: 15/19 MP: 2/2
   304 | D:1      | Reached XP level 3. HP: 23/23 MP: 3/3
   807 | D:2      | Reached skill level 1 in Dodging
   814 | D:2      | Reached XP level 4. HP: 11/29 MP: 4/4
  1045 | D:2      | HP: 1/29 [gnoll/halberd (8)]
  1058 | D:2      | Slain by a gnoll

Skill      XL: |  1  2  3 |
---------------+----------+-----
Long Blades    | 2 |  2.7
Dodging        | 1 |  1.2
Fighting       | |  3.8
Armour         | |  3.6
Shields        | |  3.7

Action                   |  1- 3 |  4- 6 || total
-------------------------+-------+-------++-------
Melee: Long sword        |   100 |    48 ||   148
  Use: Potion            |       |     3 ||     3
       Scroll            |       |     1 ||     1
Armor: Scale mail        |    84 |    36 ||   120
       Skin              |       |     1 ||     1
Dodge: Dodged            |    38 |    19 ||    57
Block: Shield            |    63 |    48 ||   111
       Rpst.: Long sword |    14 |     2 ||    16
